 Dungeon Crawl Stone Soup version 0.29.1-2-gbd0b4ee654 (webtiles) character file.

Game seed: 18373904748805779913

60 JayTehDuck the Trooper (level 3, -7/30 HPs)
             Began as a Demonspawn Chaos Knight on Nov 8, 2022.
             Was a Plaything of Xom.
             Mangled by a gnoll
             ... wielding a +0 club
              (8 damage)
             ... on level 2 of the Dungeon.
             The game lasted 00:03:20 (1108 turns).

JayTehDuck the Trooper (Demonspawn Chaos Knight)    Turns: 1108, Time: 00:03:23

Health: -7/30      AC:  5    Str: 14    XL:     3   Next: 80%
Magic:  12/12      EV: 11    Int: 13    God:    Xom [..*...]
Gold:   88         SH:  0    Dex: 12    Spells: 2/2 levels left

rFire   . . .      SeeInvis .   a - +0 hand axe (chaos)
rCold   . . .      Faith    .   (no shield)
rNeg    . . .      Spirit   .   b - +2 leather armour
rPois   .          Reflect  .   (no helmet)
rElec   .          Harm     .   (no cloak)
rCorr   .          Rampage  .   (no gloves)
Will    .....                   (no boots)
Stlth   +.........              (no amulet)
HPRegen 0.10/turn               e - ring of magical power
MPRegen 0.13/turn               (no ring)

@: no status effects
A: ignite blood 1
a: Renounce Religion


You were on level 2 of the Dungeon.
You worshipped Xom.
You were a toy of Xom.
You visited 1 branch of the dungeon, and saw 2 of its levels.

You collected 88 gold pieces.

Inventory:

Hand Weapons
 a - a +0 hand axe of chaos (weapon)
Armour
 b - a +2 leather armour (worn)
Jewellery
 e - a ring of magical power (left hand)
Scrolls
 f - a scroll of vulnerability {unknown}
 g - a scroll of fear {unknown}
 i - 2 scrolls of teleportation {unknown}
 k - a scroll of magic mapping {unknown}
 m - a scroll of brand weapon {unknown}
 o - a scroll of butterflies {unknown}
 p - a scroll of acquirement {unknown}
 q - a scroll of amnesia {unknown}
 r - a scroll of blinking {unknown}
Potions
 d - a potion of cancellation {unknown}
 h - a potion of berserk rage {unknown}
 j - a potion of magic {unknown}
 l - 2 potions of resistance {unknown}
 n - a potion of curing {unknown}
Miscellaneous
 c - a piece from Xom's chessboard (14/15) (quivered)


   Skills:
 + Level 3.6 Fighting
 + Level 3.5 Axes
 + Level 1.9 Armour
 + Level 1.3 Dodging


You had 2 spell levels left.
You didn't know any spells.
Your spell library was empty.

Dungeon Overview and Level Annotations

Branches:
Dungeon (2/15)

Altars:


Innate Abilities, Weirdness & Mutations

Your demonic aura sometimes causes spilled blood to erupt in flames.


Message History

You kill the jackal!
You barely miss the jackal. x2; You hit the gnoll.
You burn the gnoll. You hit the jackal. You freeze the jackal.
You kill the jackal!
The jackal bites you but does no damage.
The jackal closely misses you. The gnoll hits you with a +0 club.
The gnoll misses you. The jackal closely misses you. The jackal bites you.
You hit the gnoll.
The gnoll is severely wounded.
You closely miss the jackal. You hit the jackal.
You kill the jackal!
You hit the gnoll.
The gnoll is poisoned.
You kill the gnoll!
The gnoll hits you with a +0 club.
* * * LOW HITPOINT WARNING * * *
The jackal barely misses you. The ball python completely misses you.
The ball python misses you.
Your piece from Xom's chessboard (14/15) has regained one charge.
You barely miss the gnoll.
The gnoll is heavily wounded.
You closely miss the jackal. You barely miss the ball python.
The jackal bites you but does no damage.
The gnoll hits you but does no damage. The ball python closely misses you.
The ball python barely misses you.
The jackal bites you but does no damage.
You closely miss the gnoll.
The gnoll is heavily wounded.
You barely miss the ball python. You hit the jackal but do no damage.
The gnoll closely misses you. The jackal closely misses you.
The ball python barely misses you. The ball python closely misses you.
The gnoll hits you with a +0 club!
* * * LOW HITPOINT WARNING * * *
You hit the gnoll but do no damage.
The gnoll is severely wounded.
You hit the jackal but do no damage. You hit the ball python.
You kill the ball python!
You hit the gnoll. The jackal bites you.
* * * LOW HITPOINT WARNING * * *
The jackal closely misses you. The gnoll hits you with a +0 club!
You die...

...... .. #.....#
...... ... # #.....#
..... .... #.#.....#
..g####....
#.#.....##
#.......... ........
#........## #.....#
#..........
#....g#####..........
#...@g...............
#..h†)...............
##...................
#...............####
##............####..
#.........####.....
#.........####.....
#.........†........
#....##............


You could see 2 gnolls and a jackal.

Vanquished Creatures
  A gnoll (D:2)
  2 dart slugs
  2 ball pythons
  9 endoplasms
  A giant cockroach (D:1)
  4 goblins (D:1)
  5 hobgoblins
  6 jackals
  A quokka (D:1)
  3 bats (D:1)
  2 frilled lizards
  2 kobolds (D:2)
  2 rats (D:1)
40 creatures vanquished.

Notes
Turn   | Place    | Note
-------+----------+-------------------------------------------
     0 | D:1      | JayTehDuck the Demonspawn Chaos Knight began the quest for
                  | the Orb.
     0 | D:1      | Reached XP level 1. HP: 18/18 MP: 1/1
    77 | D:1      | Gained mutation: Your demonic aura sometimes causes spilled
                  | blood to erupt in flames. [demonic ancestry]
    77 | D:1      | Reached XP level 2. HP: 11/24 MP: 2/2
    92 | D:1      | XOM: silly message
   105 | D:1      | XOM: silly message
   146 | D:1      | XOM: noise
   173 | D:1      | Reached skill level 1 in Dodging
   587 | D:1      | Reached XP level 3. HP: 29/29 MP: 3/3
   964 | D:2      | XOM: divination: detect creatures
  1028 | D:2      | XOM: silly message
  1099 | D:2      | XOM: silly message
  1108 | D:2      | HP: 1/30 [jackal (1)]
  1108 | D:2      | Mangled by a gnoll

Illustrated notes

Levels and vault maps discovered:
D:1:      mrwooster_arrival_statue_3, layout_basic, serial_corexii_hall,
          chequers_hall_statues_corner_a, chequers_hall_statues_corner_a,
          minmay_hexomino_c4
D:2:      layout_basic, chequers_ecumenical_altar_island,
          chequers_serial_rivers_micro_a

Skill      XL: |  1  2 |
---------------+-------+-----
Axes           | 3 |  3.5
Dodging        | 1 |  1.3
Fighting       | |  3.6
Armour         | |  1.9

Action                   || total
-------------------------++-------
Melee: Hand axe          ||    89
Evoke: Piece from Xom's  ||     2
Armor: Leather armour    ||    46
Dodge: Dodged            ||    93
